 Dungeon Crawl Stone Soup version 0.28.0-53-g5a82cb258f (webtiles) character file.

Game seed: 16958948264521460975

282 bnorton916 the Magician (level 6, -9/32 HPs)
             Began as a Deep Elf Fire Elementalist on May 23, 2022.
             Was an Initiate of Vehumet.
             Mangled by a wyvern (18 damage)
             ... on level 4 of the Dungeon.
             The game lasted 00:05:23 (4656 turns).

bnorton916 the Magician (DEFE)                      Turns: 4656, Time: 00:05:24

Health: -9/32      AC:  3    Str:  5    XL:     6   Next: 6%
Magic:  8/16       EV: 12    Int: 22    God:    Vehumet [......]
Gold:   113        SH:  0    Dex: 15    Spells: 12/15 levels left

rFire   . . .      SeeInvis .   (no weapon)
rCold   . . .      Faith    .   (no shield)
rNeg    . . .      Spirit   .   a - +0 robe
rPois   .          Reflect  .   h - +1 hat
rElec   .          Harm     .   (no cloak)
rCorr   .          Rampage  .   (no gloves)
Will    .....                   (no boots)
Stlth   ++........              (no amulet)
HPRegen 0.10/turn               (no ring)
MPRegen 0.15/turn               (no ring)

@: no status effects
A: no striking features
a: Renounce Religion


You were on level 4 of the Dungeon.
You worshipped Vehumet.
Vehumet was noncommittal.
You visited 1 branch of the dungeon, and saw 4 of its levels.

You collected 113 gold pieces.

Inventory:

Hand Weapons
 g - a +2 vampiric dagger
 r - a +0 falchion of protection
Missiles
 f - 30 stones
 j - 5 curare-tipped darts
 p - 3 poisoned darts
 q - 4 javelins
Armour
 a - a +0 robe (worn)
 h - a +1 hat (worn)
 s - a +0 leather armour
Jewellery
 o - a ring of flight
Scrolls
 b - a scroll of immolation {unknown}
 c - a scroll of identify {unknown}
 d - a scroll of fog {unknown}
 k - a scroll of magic mapping {unknown}
 n - 3 scrolls of enchant armour {unknown}
 t - a scroll of enchant weapon {unknown}
Potions
 e - a potion of heal wounds {unknown}
 i - a potion of mutation {unknown}
 l - a potion of degeneration {unknown}
 m - a potion of attraction {unknown}


   Skills:
 - Level 2.4 Dodging
 - Level 2.4 Stealth
 + Level 5.4 Spellcasting
 + Level 3.8 Conjurations
 + Level 5.1 Fire Magic


You had 12 spell levels left.
You knew the following spells:

 Your Spells              Type           Power      Damage    Failure   Level
a - Foxfire               Conj/Fire      100%       2x1d9     1%          1
b - Scorch                Fire           56%        2d8       1%          2

Your spell library contained the following spells:

 Spells                   Type           Power      Damage    Failure   Level
 Conjure Flame            Conj/Fire      25%        6-21      4%          3
 Static Discharge         Conj/Air       14%        N/A       7%          2
 Inner Flame              Hex/Fire       17%        N/A       10%         3
 Corpse Rot               Necr/Air       10%        N/A       14%         2
 Poisonous Vapours        Pois/Air       10%        N/A       14%         2
 Flame Wave               Conj/Fire      25%        2d7       16%         4
 Sticky Flame             Conj/Fire      25%        2d5       16%         4
 Dispel Undead            Necr           5%         3d7       67%         4


Dungeon Overview and Level Annotations

Branches:
Dungeon (4/15)
 Temple: D:4-7

Altars:
Cheibriados
Vehumet


Message History

Casting: Foxfire (safe; 1% risk of failure)
Confirm with . or Enter, or press ? or * to list all spells.
You miscast Foxfire.
You are very lightly contaminated with residual magic.
Nothing appears to happen.
Casting: Foxfire (safe; 1% risk of failure)
Confirm with . or Enter, or press ? or * to list all spells.
You conjure some foxfire!
The orc hits you with a +0 short sword.
The foxfire hits the orc.
You kill the orc!
Vehumet accepts your kill.
Unknown command.
You start resting.
Your foxfire dissipates!
A wyvern is nearby!
A wyvern is nearby!
A wyvern is nearby!
Your magical contamination has completely faded away.
Casting: Foxfire (safe; 1% risk of failure)
Confirm with . or Enter, or press ? or * to list all spells.
Flames lash the wyvern.
The wyvern is lightly wounded.
The wyvern's fire resistance burns away.
The wyvern barely misses you. The wyvern bites you.
Casting: Scorch (safe; 1% risk of failure)
Confirm with . or Enter, or press ? or * to list all spells.
Flames lash the wyvern.
The wyvern is burned terribly!
The wyvern is heavily wounded.
The wyvern bites you! x2
* * * LOW HITPOINT WARNING * * *
The wyvern barely misses you.
Unknown command.
Casting: Scorch (safe; 1% risk of failure)
Confirm with . or Enter, or press ? or * to list all spells.
Flames lash the wyvern.
The wyvern is burned terribly!
The wyvern is heavily wounded.
The wyvern bites you!!
Ouch! That really hurt!
You die...

..###.....##...## #
#.....###...#
#......##...##
##...........##########
#....................#
##.................####
..###..................#
................l...).##
........###.....@.....#
.......####..........##
........##...........#
....................##
..........###.......#
.........## ##......####
.......)## ##......#.#
......)## ##.....#.#
......## ##.....##


You could see a wyvern (combustible).

Vanquished Creatures
  A bullfrog (D:3)
  A water moccasin skeleton (D:4)
  3 gnolls (D:4)
  4 adders
  An adder skeleton (D:4)
  3 worms (D:2)
  2 dart slugs (D:3)
  11 orcs
  8 endoplasms
  2 giant cockroaches
  3 hobgoblins
  2 jackals (D:3)
  6 kobolds
  A quokka (D:1)
  8 ball pythons
  7 bats
  5 frilled lizards
  10 goblins
  5 rats
83 creatures vanquished.

Vanquished Creatures (others)
  364 foxfires
364 creatures vanquished.

Grand Total: 447 creatures vanquished

Notes
Turn   | Place    | Note
-------+----------+-------------------------------------------
     0 | D:1      | bnorton916 the Deep Elf Fire Elementalist began the quest
                  | for the Orb.
     0 | D:1      | Reached XP level 1. HP: 10/10 MP: 6/6
   421 | D:1      | Reached XP level 2. HP: 9/15 MP: 2/8
   898 | D:1      | Found a faded altar of an unknown god.
  1729 | D:2      | Reached XP level 3. HP: 19/19 MP: 6/10
  2488 | D:2      | Identified the +3 hand axe of Magnificence {drain, Fly
                  | Stlth+}
  2527 | D:2      | Reached XP level 4. HP: 24/24 MP: 8/12
  3354 | D:3      | Noticed a bullfrog
  3367 | D:3      | Killed a bullfrog
  3368 | D:3      | Reached XP level 5. HP: 17/28 MP: 9/14
  3816 | D:3      | Found a snail-covered altar of Cheibriados.
  3828 | D:3      | Found a radiant altar of Vehumet.
  3955 | D:3      | Became a worshipper of Vehumet
  4177 | D:4      | Reached skill level 5 in Spellcasting
  4340 | D:4      | Reached skill level 5 in Fire Magic
  4448 | D:4      | Reached XP level 6. HP: 24/32 MP: 10/16
  4483 | D:4      | Noticed a wyvern
  4527 | D:4      | Learned a level 2 spell: Scorch
  4656 | D:4      | Mangled by a wyvern

Illustrated notes

Levels and vault maps discovered:
D:1:      saegor_arrival_simple_e, layout_loops_ring, basic_ecumenical_altar
D:2:      layout_basic
D:3:      layout_rooms, amethyst_overflow_temple_binary
D:4:      layout_layer_cave, minmay_temple_entry_statues_fountains,
          grunt_ministairs_4

Skill      XL: |  1  2  3  4  5 |
---------------+----------------+-----
Conjurations   | 2 3 |  3.8
Fire Magic     | 4 5 |  5.1
Spellcasting   | 4 5 |  5.4
Dodging        | |  2.4
Stealth        | |  2.4

Action                   |  1- 3 |  4- 6 || total
-------------------------+-------+-------++-------
 Cast: Foxfire           |   125 |    99 ||   224
       Scorch            |       |     3 ||     3
Armor: Robe              |     1 |     2 ||     3
Dodge: Dodged            |     7 |    11 ||    18
